 Dungeon Crawl Stone Soup version 0.27.1-33-g824d729ab1 (webtiles) character file.

Game seed: 1969793101340659221

503 Aksej the Skirmisher (level 6, -11/49 HPs)
             Began as a Demonspawn Monk on Nov 28, 2021.
             Mangled by an ogre (21 damage)
             ... on level 4 of the Dungeon on Nov 29, 2021.
             The game lasted 00:11:16 (4367 turns).

Aksej the Skirmisher (Demonspawn Monk)              Turns: 4367, Time: 00:11:17

Health: -11/49     AC:  3    Str: 11    XL:     6   Next: 96%
Magic:  6/6        EV: 16    Int: 11    God:
Gold:   195        SH:  0    Dex: 18    Spells: 5/5 levels left

rFire    . . .     SeeInvis .   a - +0 falchion
rCold    . . .     Faith    .   (no shield)
rNeg     . . .     Spirit   .   b - +1 robe
rPois    +         Reflect  .   (no helmet)
rElec    .         Harm     .   (no cloak)
rCorr    .         Rampage  .   (no gloves)
Will     .....                  (no boots)
Stlth    +++.......             (no amulet)
HPRegen  0.16/turn              (no ring)
MPRegen  0.10/turn              (no ring)

@: hasted, very quick
A: talons 1, demonic magic 1, frail 1, poison resistance
a: no special abilities


You were on level 4 of the Dungeon.
You visited 1 branch of the dungeon, and saw 4 of its levels.

You collected 195 gold pieces.

Inventory:

Hand Weapons
 a - a +0 falchion (weapon)
Armour
 b - a +1 robe (worn)
Wands
 l - a wand of polymorph (6)
Scrolls
 c - 2 scrolls of enchant armour
 e - 2 scrolls of magic mapping
 g - a scroll of identify
Potions
 d - 2 potions of flight
 f - a potion of haste
 j - a potion of attraction {unknown}
 k - a potion of might {unknown}
 n - a potion of brilliance


   Skills:
 * Level 7.3 Fighting
 + Level 5.4 Long Blades
 + Level 3.5 Throwing
 * Level 7.0 Dodging
 + Level 4.8 Stealth
 + Level 3.5 Unarmed Combat


You had 5 spell levels left.
You didn't know any spells.
Your spell library was empty.

Dungeon Overview and Level Annotations

Branches:
Dungeon (4/15)
 Temple: D:4-7

Altars:
Kikubaaqudgha


Innate Abilities, Weirdness & Mutations

You have sharp toenails.
Spells you cast may paralyse adjacent enemies.
You are frail. (-10% HP)
Your system is resistant to poisons. (rPois)


Message History

A hound skeleton comes into view.
A hound skeleton is nearby!
Found a potion of flight.
There is an open door here.
The hound skeleton bites you but does no damage.
You hit the hound skeleton but do no damage.
The hound skeleton bites you but does no damage.
You hit the hound skeleton.
The hound skeleton is lightly damaged.
The hound skeleton barely misses you.
You riposte.
You closely miss the hound skeleton. You claw the hound skeleton.
The hound skeleton is moderately damaged.
You hit the hound skeleton.
The hound skeleton is heavily damaged.
The hound skeleton bites you but does no damage.
The hound skeleton bites you.
You hit the hound skeleton. You claw the hound skeleton.
You destroy the hound skeleton!
There is an open door here.
d - 2 potions of flight (gained 1)
An ogre comes into view. It is wielding a +0 giant club.
An endoplasm comes into view.
The ogre shouts!
A ball python comes into view.
The endoplasm quivers.
The ogre hits you with a +0 giant club!!
Ouch! That really hurt!
The ball python hisses angrily.
The endoplasm jiggles.
A bullfrog skeleton comes into view.
You hit the ogre.
The ogre is lightly wounded.
The ogre hits you with a +0 giant club!!
* * * LOW HITPOINT WARNING * * *
You feel yourself speed up. The ogre misses you.
It was a potion of curing.
You feel better.
You barely miss the ogre. You claw the ogre, but do no damage.
The ogre is lightly wounded.
The ogre hits you with a +0 giant club!!
You die...

#..........#
#.##.#######
#.##.#####
#........####
#.##........#
#.##.###.##.#
#.##.###.##.##
#.##.........#
#.#########@##
#.# #######O#
......SJ#
#######Z# #.#
... ... #....
#....


You could see an ogre, an endoplasm, a ball python and a bullfrog skeleton.

Vanquished Creatures
  A black bear (D:4)
  A bullfrog (D:4)
  A hound (D:4)
  A hound skeleton (D:4)
  A gnoll (D:1)
  6 adders
  An ufetubus (D:4)
  2 worms
  3 dart slugs
  7 orcs
  6 ball pythons
  7 endoplasms
  4 giant cockroaches
  9 goblins
  8 hobgoblins
  11 kobolds
  2 quokkas
  6 bats
  3 frilled lizards
  9 rats
89 creatures vanquished.

Notes
Turn   | Place    | Note
-------+----------+-------------------------------------------
     0 | D:1      | Aksej the Demonspawn Monk began the quest for the Orb.
     0 | D:1      | Reached XP level 1. HP: 18/18 MP: 1/1
    52 | D:1      | Found a faded altar of an unknown god.
   151 | D:1      | Gained mutation: You have sharp toenails. [demonic
                  | ancestry]
   151 | D:1      | Reached XP level 2. HP: 16/24 MP: 2/2
   667 | D:1      | Gained mutation: Spells you cast may paralyse adjacent
                  | enemies. [demonic ancestry]
   667 | D:1      | Reached XP level 3. HP: 29/29 MP: 3/3
  1476 | D:2      | Reached XP level 4. HP: 29/37 MP: 4/4
  2228 | D:3      | Found an ancient bone altar of Kikubaaqudgha.
  2978 | D:3      | Reached XP level 5. HP: 26/42 MP: 5/5
  3236 | D:3      | Gained mutation: Your magical capacity is low. (-10% MP)
                  | [potion of mutation]
  3236 | D:3      | Gained mutation: You are frail. (-10% HP) [potion of
                  | mutation]
  3236 | D:3      | Gained mutation: You have very sharp teeth. [potion of
                  | mutation]
  3237 | D:3      | Lost mutation: Your magical capacity is low. (-10% MP)
                  | [potion of mutation]
  3237 | D:3      | Lost mutation: You are frail. (-10% HP) [potion of
                  | mutation]
  3237 | D:3      | Lost mutation: You have very sharp teeth. [potion of
                  | mutation]
  3237 | D:3      | Gained mutation: Your mind is acute. (Int +2) [potion of
                  | mutation]
  3352 | D:4      | Noticed Edmund
  3355 | D:4      | Noticed Edmund
  3355 | D:4      | Edmund changed into Edmund the bullfrog
  3367 | D:4      | Reached skill level 5 in Long Blades
  3367 | D:4      | Reached XP level 6. HP: 5/55 MP: 6/6
  3376 | D:4      | Killed Edmund the bullfrog
  3673 | D:4      | Lost mutation: Your mind is acute. (Int +2) [potion of
                  | mutation]
  3673 | D:4      | Gained mutation: You are frail. (-10% HP) [potion of
                  | mutation]
  3673 | D:4      | Gained mutation: You are agile. (Dex +2) [potion of
                  | mutation]
  3673 | D:4      | Lost mutation: You are agile. (Dex +2) [potion of mutation]
  3673 | D:4      | Gained mutation: Your system is resistant to poisons.
                  | (rPois) [potion of mutation]
  4367 | D:4      | Mangled by an ogre

Illustrated notes

Levels and vault maps discovered:
D:1:      psy_arrival_spokes, layout_loops_ring, basic_ecumenical_altar,
          fountainhead
D:2:      layout_basic, kennysheep_generic_room_10
D:3:      layout_basic, mainiacjoe_overflow_paths
D:4:      layout_basic, uniq_edmund, uniq_pikel

Skill      XL: |  1  2  3  4  5  6 |
---------------+-------------------+-----
Dodging        | 3 6 7 |  7.0
Long Blades    | 3 5 |  5.4
Stealth        | 2 4 |  4.8
Fighting       | 4 7 |  7.3
Throwing       | 3 |  3.5
Unarmed Combat | 3 |  3.5

Action                   |  1- 3 |  4- 6 || total
-------------------------+-------+-------++-------
Melee: Falchion          |    95 |   147 ||   242
       Kick              |    18 |    43 ||    61
       Punch             |       |     1 ||     1
Evoke: Wand              |       |     2 ||     2
  Use: Scroll            |     3 |     8 ||    11
       Potion            |       |     9 ||     9
 Stab: Sleeping          |     5 |     6 ||    11
Armor: Robe              |    14 |    24 ||    38
       Skin              |       |     6 ||     6
Dodge: Dodged            |    76 |   113 ||   189
       Rpst.: Falchion   |    20 |    29 ||    49
